 Dungeon Crawl Stone Soup version 0.21.1-1-g345015f (webtiles) character file.

100440 microfolk the Eclecticist (level 15, -6/95 HPs)
             Began as a Deep Elf Fire Elementalist on Apr 24, 2018.
             Was a High Priest of Vehumet.
             Killed from afar by Nikola (39 damage)
             ... with a chain lightning
             ... on level 3 of the Swamp.
             The game lasted 02:36:30 (43415 turns).

microfolk the Eclecticist (DEFE)                   Turns: 43415, Time: 02:36:31

Health: -6/95      AC: 15    Str:  5    XL:     15   Next: 80%
Magic:  25/36      EV: 18    Int: 29    God:    Vehumet [*****.]
Gold:   1498       SH: 10    Dex: 15    Spells: 6/44 levels left

rFire    . . .     SeeInvis +   a - staff of wizardry
rCold    . . .     Gourm    .   x - +1 buckler of the Bells {SInv}
rNeg     . . .     Faith    .   U - +0 swamp dragon scales
rPois    +         Spirit   .   r - +1 helmet
rElec    .         Reflect  .   Y - +1 cloak {MR+}
rCorr    .         Harm     .   m - +2 pair of gloves
MR       +++..                  T - +0 pair of boots
Stlth    +.........             n - amulet of regeneration
HPRegen  0.65/turn              z - +5 ring of evasion
MPRegen  0.25/turn              b - +2 ring of intelligence

@: no status effects
A: large bone plates 1, magic resistance 1, no potion heal 1
a: Renounce Religion


You were on level 3 of the Swamp.
You worshipped Vehumet.
Vehumet was extremely pleased with you.
You were not hungry.

You visited 6 branches of the dungeon, and saw 27 of its levels.
You also visited: Ossuary.

You collected 1987 gold pieces.
You spent 489 gold pieces at shops.

Inventory:

Hand Weapons
 X - a +0 antimagic trident
Armour
 m - a +2 pair of gloves (worn)
 r - a +1 helmet (worn)
 x - the +1 buckler of the Bells (worn) {SInv}
   (You found it on level 6 of the Dungeon)

   It lets you see invisible.
 T - a +0 pair of boots (worn)
 U - +0 swamp dragon scales (worn)
 Y - a +1 cloak of magic resistance (worn)
 Z - a +2 robe of magic resistance
Magical Staves
 a - an uncursed staff of wizardry (weapon)
Jewellery
 b - a +2 ring of intelligence (right hand)
 g - an uncursed amulet of guardian spirit
 n - an amulet of regeneration (around neck)
 z - a +5 ring of evasion (left hand)
 B - an uncursed ring of positive energy
 K - a +4 ring of strength
 M - an uncursed ring of protection from cold
 P - an uncursed ring of fire
Wands
 d - a wand of digging (14)
 t - a wand of iceblast (27)
 G - a wand of acid (9)
 I - a wand of random effects (32)
 Q - a wand of paralysis (17)
Scrolls
 i - 2 scrolls of immolation
 k - 2 scrolls of teleportation
 p - a scroll of enchant armour
 w - 4 scrolls of enchant weapon
 y - 8 scrolls of identify
 D - a scroll of torment
 E - 2 scrolls of fog
 H - a scroll of silence
 J - a scroll of blinking
 L - 2 scrolls of vulnerability
 O - 3 scrolls of magic mapping
 R - 9 scrolls of remove curse
Potions
 e - 8 potions of lignification
 f - a potion of magic
 j - 2 potions of flight
 l - 5 potions of curing
 o - 3 potions of brilliance
 q - 7 potions of heal wounds
 s - 3 potions of ambrosia
 u - a potion of agility
 v - 2 potions of cancellation
 A - 4 potions of berserk rage
 C - 3 potions of mutation
 V - 3 potions of might
Books
 h - a book of Battle

   Spells                             Type                      Level
   a - Infusion                       Charms                       1
   b - Shroud of Golubria             Charms/Translocation         2
   c - Song of Slaying                Charms                       2
   d - Spectral Weapon                Hexes/Charms                 3
   e - Regeneration                   Charms/Necromancy            3
 F - a Fen Folio

   Spells                             Type                      Level
   a - Corpse Rot                     Necromancy                   2
   b - Stone Arrow                    Conjuration/Earth            3
   c - Leda's Liquefaction            Hexes/Earth                  4
   d - Summon Forest                  Summoning/Translocation      5
   e - Hydra Form                     Transmutation                6
   f - Summon Hydra                   Summoning                    7
 N - a book of Party Tricks

   Spells                             Type                      Level
   a - Summon Butterflies             Summoning                    1
   b - Apportation                    Translocation                1
   c - Lesser Beckoning               Translocation                3
   d - Tukima's Dance                 Hexes                        3
   e - Alistair's Intoxication        Transmutation/Poison         5
   f - Invisibility                   Hexes                        6
 S - the Volume of Fire and Changing
   (You found it on level 7 of the Dungeon)

   Spells                             Type                      Level
   a - Beastly Appendage              Transmutation                1
   b - Irradiate                      Conjuration/Transmutation    5
   c - Alistair's Intoxication        Transmutation/Poison         5
   d - Bolt of Fire                   Conjuration/Fire             6
 W - a book of Necromancy

   Spells                             Type                      Level
   a - Pain                           Necromancy                   1
   b - Animate Skeleton               Necromancy                   1
   c - Vampiric Draining              Necromancy                   3
   d - Regeneration                   Charms/Necromancy            3
   e - Animate Dead                   Necromancy                   4
   f - Borgnjor's Vile Clutch         Necromancy/Earth             5
Comestibles
 c - 26 rations


   Skills:
 + Level 11.4 Fighting
 - Level 10.0 Dodging
 - Level 2.4 Stealth
 - Level 4.0 Shields
 * Level 15.0 Spellcasting
 - Level 14.0 Conjurations
 + Level 9.8 Necromancy
 - Level 12.0 Fire Magic
 - Level 10.0 Poison Magic


You had 6 spell levels left.
You knew the following spells:

 Your Spells              Type           Power        Failure   Level  Hunger
a - Shock                 Conj/Air       ####         1%          1    None
c - Conjure Flame         Conj/Fire      #######.     1%          3    None
d - Sticky Flame          Conj/Fire      #######.     1%          4    None
e - Fireball              Conj/Fire      #######...   1%          5    None
f - Ignite Poison         Fire/Tmut/Pois ######..     1%          3    None
g - Bolt of Fire          Conj/Fire      #######...   1%          6    ###....
h - Poisonous Vapours     Pois/Air       ######       1%          2    None
i - Olgreb's Toxic Radia  Pois           ######..     1%          4    None
j - Animate Skeleton      Necr           N/A          1%          1    None
k - Animate Dead          Necr           N/A          1%          4    None
l - Bolt of Draining      Conj/Necr      ######....   1%          5    None


Dungeon Overview and Level Annotations

Branches:
Dungeon (14/15)            Temple (1/1) D:5            Lair (6/6) D:11
  Swamp (3/4) Lair:4       Spider (2/4) Lair:2          Orc (1/2) D:12
 Vaults (0/5) D:13
  Slime: Lair:5-6

Altars:
Ashenzari
Cheibriados
Dithmenos
Elyvilon
Gozag
Hepliaklqana
Kikubaaqudgha
Makhleb
Okawaru
Ru
Sif Muna
Trog
Uskayaw
Vehumet
Wu Jian
Xom
Zin
The Shining One

Shops:
D:5 }   D:6 (   D:12 *   Orc:1 [*[

Portals:
Trove: D:10 (give 13 potions of heal wounds)

Annotations:
D:4 exclusions: downstairs and 1 more exclusion, Menkaure
D:5 torrenera's ghost, amateur DDNe
D:8 exclusion: door, Gastronok
D:10 exclusion: downstairs
D:12 exclusion: downstairs
D:14 Agnes
Lair:1 exclusion: downstairs
Swamp:3 Nikola
Spider:1 exclusion: downstairs
Orc:1 torrenera's ghost, journeyman GnEn


Innate Abilities, Weirdness & Mutations

You are partially covered in large bone plates. (SH +4)
You are resistant to hostile enchantments. (MR+)
Potions are less effective at restoring your health.


Message History

Aim: Nikola, wielding a rapier of electrocution, wearing a glowing cloak and wearing a pair of gloves (poison gas)
The poisonous vapours increase!
Nikola is engulfed in poison gas.
Nikola is poisoned.
Nikola points at you and mumbles some strange words.
The zap hits you!
Casting: Poisonous Vapours
Confirm with . or Enter, or press ? or * to list all spells.
Aiming: Poisonous Vapours
Press: ? - help, Dir - move target cursor, f/p - Nikola
Aim: Nikola, wielding a rapier of electrocution, wearing a glowing cloak and wearing a pair of gloves (poison gas, lightly wounded, poisoned)
The poisonous vapours increase!
Nikola is engulfed in poison gas.
Nikola looks even sicker.
Nikola points at you and mumbles some strange words.
The bolt of lightning hits you!
Ouch! That really hurt!
Nikola is engulfed in poison gas.
Nikola looks even sicker.
Nikola mumbles some strange words.
You hear a mighty clap of thunder!
The lightning arc hits you!
You die...

♣.≈≈≈ ≈♣ ♣
..≈≈ ≈♣≈♣
♣≈ ♣.≈≈
≈≈.♣
.♣.♣.♣≈ ≈..
♣≈≈..≈≈♣♣≈♣
♣≈≈≈≈≈♣≈≈.♣
...≈≈≈≈≈≈.♣
♣......@.♣
.@..♣♣♣♣♣<♣
. ♣.♣ ♣♣♣


You could see Nikola.

Vanquished Creatures
  Jorgrun (Spider:1)
  Rupert (Lair:3)
  Frances (Spider:2)
  Donald (Swamp:1)
  A ghost moth (Lair:1)
  An emperor scorpion (Spider:1)
  An entropy weaver (Spider:1)
  The ghost of darumender the Bludgeoner, a journeyman DsBe of Trog (Lair:4)
  Josephine (D:11)
  Snorg (Orc:1)
  An ogre mage (Orc:1)
  3 hydras
  A centaur warrior (D:13)
  An alligator (Swamp:2)
  9 two-headed ogres
  10 death yaks
  An orc high priest (Orc:1)
  Urug (Orc:1)
  A spriggan druid (Swamp:2)
  A swamp dragon (Swamp:2)
  A shambling mangrove (Swamp:2)
  Pikel (D:6)
  4 ugly things (Swamp:2)
  A necromancer (Lair:2)
  6 orb spiders
  3 orc knights
  4 wolf spiders
  2 orc sorcerers (Orc:1)
  4 cyclopes
  5 elephants
  A moth of wrath (Spider:1)
  Psyche (D:8)
  Joseph (D:9)
  3 black mambas
  Maurice (D:8)
  12 spiny frogs
  A demonic crawler (Spider:1)
  2 torpor snails
  2 rime drakes
  2 komodo dragons
  A troll (D:12)
  4 tyrant leeches
  7 jumping spiders
  6 polar bears
  A queen bee (D:13)
  3 meliai (D:13)
  9 hornets
  28 blink frogs
  3 bog bodies
  7 slime creatures
  10 hippogriffs
  Sigmund (D:6)
  4 dream sheep (Lair:4)
  15 spriggans
  A vampire (D:12)
  A shadow (Swamp:2)
  4 wraiths
  5 wyverns
  14 redbacks
  28 yaks
  9 tarantellas
  3 basilisks
  3 hungry ghosts
  8 vampire mosquitoes
  6 swamp worms
  3 wargs
  9 insubstantial wisps (Swamp:2)
  8 water moccasins
  10 porcupines
  5 black bears
  10 orc warriors
  Duvessa (D:6)
  2 swamp drakes (Swamp:1)
  2 sky beasts
  7 ice beasts
  4 phantoms
  A slave (D:6)
  4 boggarts (Lair:6)
  2 necrophages (D:11)
  4 eyes of draining
  11 ogres
  35 wolves
  19 centaurs
  15 crocodiles
  2 gnoll sergeants
  18 bullfrogs
  Dowan (D:6)
  3 water moccasin zombies (Ossuary)
  33 killer bees
  4 scorpions
  4 wights (D:12)
  2 howler monkeys
  A crimson imp (D:10)
  3 centaur zombies
  2 jellies
  6 orc priests
  5 hounds
  3 centaur skeletons
  2 gnoll shamans (D:4)
  Terence (D:3)
  Jessica (D:3)
  Ijyb (D:3)
  Natasha (thrice) (D:2)
  4 iguanas
  16 orc wizards
  3 yak simulacra (Lair:2)
  11 worker ants
  A polar bear simulacrum (Lair:2)
  3 wolf simulacra (Lair:2)
  4 big kobold zombies (Ossuary)
  3 mummies
  A worker ant zombie (D:5)
  41 gnolls
  6 adders
  4 shadow imps
  2 adder skeletons
  5 adder zombies (Ossuary)
  3 worms
  5 leopard geckos
  32 orcs
  10 bats
  5 giant cockroaches
  4 goblins
  8 hobgoblins
  27 jackals
  5 kobolds
  5 quokkas
  2 ball pythons
  2 frilled lizards
  A giant cockroach zombie (D:5)
  3 gnoll zombies (Ossuary)
  3 hobgoblin zombies (Ossuary)
  A jackal zombie (D:4)
  5 kobold zombies (Ossuary)
  5 orc zombies (Ossuary)
  9 rats
  4 river rat simulacra (Lair:2)
767 creatures vanquished.

Vanquished Creatures (collateral kills)
  A dancing weapon (D:12)
  3 vampire mosquitoes (Swamp:1)
  A swamp worm (Swamp:1)
  A hell hound (Spider:2)
6 creatures vanquished.

Vanquished Creatures (others)
  A black bear (D:10)
  A slave (D:9)
  A bullfrog zombie (D:13)
  An iguana (D:10)
  A jackal skeleton (D:6)
  12 fungi
  16 plants
33 creatures vanquished.

Grand Total: 806 creatures vanquished

Notes
Turn   | Place    | Note
-------+----------+-------------------------------------------
     0 | D:1      | microfolk the Deep Elf Fire Elementalist began the quest for the Orb.
     0 | D:1      | Reached XP level 1. HP: 10/10 MP: 6/6
   390 | D:1      | Reached XP level 2. HP: 15/15 MP: 4/8
   394 | D:1      | Learned a level 2 spell: Throw Flame
  1168 | D:2      | Gained mutation: Potions are less effective at restoring your health. [potion of mutation]
  1168 | D:2      | Gained mutation: You are resistant to hostile enchantments. (MR+) [potion of mutation]
  1168 | D:2      | Gained mutation: You are partially covered in large bone plates. (SH +4) [potion of mutation]
  1170 | D:2      | Noticed Natasha
  1175 | D:2      | Killed Natasha
  1175 | D:2      | Reached XP level 3. HP: 11/19 MP: 0/10
  1180 | D:2      | Learned a level 3 spell: Conjure Flame
  1662 | D:2      | Noticed Natasha
  1675 | D:2      | Killed Natasha
  1675 | D:2      | Reached skill level 4 in Spellcasting
  1675 | D:2      | Reached XP level 4. HP: 24/24 MP: 1/12
  1793 | D:2      | Learned a level 4 spell: Sticky Flame
  2201 | D:2      | Noticed Natasha
  2218 | D:2      | Killed Natasha
  2820 | D:3      | Noticed Ijyb
  3106 | D:3      | Noticed Jessica
  3140 | D:3      | Killed Ijyb
  3140 | D:3      | Reached XP level 5. HP: 28/28 MP: 0/13
  3250 | D:3      | Killed Jessica
  3457 | D:3      | Found an ornate altar of the Wu Jian Council.
  3491 | D:3      | Found a glowing silver altar of Zin.
  3652 | D:3      | Noticed Terence
  3800 | D:3      | Killed Terence
  4035 | D:3      | Found an opulent altar of Gozag.
  4474 | D:4      | Reached XP level 6. HP: 32/32 MP: 8/15
  4616 | D:4      | Noticed Menkaure
  4641 | D:4      | Reached skill level 5 in Spellcasting
  4958 | D:4      | Reached skill level 5 in Fire Magic
  5015 | D:4      | Reached skill level 5 in Conjurations
  5630 | D:4      | Reached XP level 7. HP: 32/36 MP: 10/17
  6326 | D:4      | Reached skill level 6 in Spellcasting
  7423 | D:5      | Entered Level 5 of the Dungeon
  7564 | D:5      | Found a staircase to the Ecumenical Temple.
  7578 | Temple   | Entered the Ecumenical Temple
  7587 | Temple   | Became a worshipper of Vehumet
  7799 | D:5      | Reached XP level 8. HP: 41/41 MP: 11/20
  7951 | D:5      | Noticed torrenera's ghost (amateur DDNe)
  8069 | D:5      | Found a hazy altar of Hepliaklqana.
  8229 | D:5      | Reached skill level 7 in Spellcasting
  8509 | D:5      | Found Komudicil's Gadget Shop.
  9153 | D:6      | Found Ywo Esag's Antique Weapon Emporium.
  9231 | D:6      | Reached skill level 8 in Spellcasting
  9577 | D:6      | Noticed Duvessa
  9577 | D:6      | Noticed Dowan
  9603 | D:6      | Killed Duvessa
  9615 | D:6      | Noticed Pikel
  9625 | D:6      | Got a pitted buckler
  9889 | D:6      | Killed Pikel
  9889 | D:6      | Reached skill level 9 in Spellcasting
  9889 | D:6      | Reached XP level 9. HP: 45/45 MP: 1/24
 10047 | D:6      | Learned a level 5 spell: Fireball
 10155 | D:6      | Noticed Sigmund
 10167 | D:6      | Killed Sigmund
 10427 | D:6      | Killed Dowan
 10532 | D:7      | Reached * piety under Vehumet
 10532 | D:7      | Offered knowledge of Shock by Vehumet.
 10535 | D:7      | Learned a level 1 spell: Shock
 11240 | D:7      | Reached skill level 10 in Conjurations
 11301 | D:7      | Identified the Volume of Fire and Changing
 11329 | D:7      | Learned a level 6 spell: Bolt of Fire
 11461 | D:7      | Identified the +1 buckler of the Bells {SInv} (You found it on level 6 of the Dungeon)
 11890 | D:8      | Found a sand-covered staircase.
 11943 | Ossuary  | Entered an ossuary
 12102 | Ossuary  | Reached ** piety under Vehumet
 12102 | Ossuary  | Reached skill level 1 in Shields
 12105 | Ossuary  | Offered knowledge of Sting by Vehumet.
 12147 | Ossuary  | Reached XP level 10. HP: 49/50 MP: 13/25
 12481 | D:8      | Noticed Maurice
 12483 | D:8      | Noticed Psyche
 12488 | D:8      | Killed Psyche
 12573 | D:8      | Noticed a two-headed ogre
 12590 | D:8      | Killed a two-headed ogre
 12590 | D:8      | Reached skill level 10 in Fire Magic
 12904 | D:8      | Noticed Gastronok
 13452 | D:8      | Noticed a two-headed ogre
 13455 | D:8      | Killed a two-headed ogre
 13616 | D:8      | Killed Maurice
 13834 | D:8      | Offered knowledge of Searing Ray by Vehumet.
 14312 | D:9      | Noticed a two-headed ogre
 14326 | D:9      | Killed a two-headed ogre
 14326 | D:9      | Reached XP level 11. HP: 48/54 MP: 10/26
 14345 | D:9      | Reached *** piety under Vehumet
 14716 | D:9      | Noticed Joseph
 14727 | D:9      | Killed Joseph
 15315 | D:9      | Found a glowing golden altar of the Shining One.
 15315 | D:9      | Found a burning altar of Makhleb.
 15317 | D:9      | Found a shimmering altar of Xom.
 15320 | D:9      | Found a hide-covered altar of Uskayaw.
 15356 | D:10     | Entered Level 10 of the Dungeon
 15624 | D:10     | Found a portal to a secret trove of treasure.
 15730 | D:10     | Offered knowledge of Static Discharge by Vehumet.
 15779 | D:10     | Noticed a two-headed ogre
 15944 | D:10     | Killed a two-headed ogre
 15944 | D:10     | Reached skill level 1 in Fighting
 15944 | D:10     | Reached skill level 5 in Dodging
 16553 | D:11     | Noticed a two-headed ogre
 16562 | D:11     | Killed a two-headed ogre
 16915 | D:11     | Noticed Josephine
 16950 | D:11     | Killed Josephine
 16950 | D:11     | Reached skill level 10 in Spellcasting
 17299 | D:11     | Noticed an orc knight
 17572 | D:11     | Reached **** piety under Vehumet
 17582 | D:11     | Offered knowledge of Ignite Poison by Vehumet.
 17949 | D:11     | Killed an orc knight
 18305 | D:11     | Found a staircase to the Lair.
 18483 | D:11     | Learned a level 3 spell: Ignite Poison
 18486 | D:11     | Learned a level 2 spell: Poisonous Vapours
 18491 | D:11     | Learned a level 4 spell: Olgreb's Toxic Radiance
 18813 | Lair:1   | Entered Level 1 of the Lair of Beasts
 18823 | Lair:1   | Reached skill level 11 in Spellcasting
 18823 | Lair:1   | Reached XP level 12. HP: 55/65 MP: 20/29
 19346 | Lair:1   | Reached skill level 1 in Poison Magic
 20376 | Lair:1   | Reached skill level 10 in Dodging
 20525 | Lair:2   | Found a hole to the Spider Nest.
 20970 | Lair:2   | Reached skill level 5 in Poison Magic
 21217 | Lair:2   | Reached skill level 5 in Fighting
 21296 | Lair:2   | Reached ***** piety under Vehumet
 21477 | Lair:2   | Offered knowledge of Fulminant Prism by Vehumet.
 23228 | Lair:3   | Noticed Rupert
 23244 | Lair:3   | Killed Rupert
 23244 | Lair:3   | Reached XP level 13. HP: 61/76 MP: 16/30
 24613 | Lair:4   | Noticed darumender's ghost (journeyman DsBe)
 25250 | Lair:4   | Killed darumender's ghost
 25393 | Lair:4   | Found a staircase to the Swamp.
 25924 | Lair:5   | Offered knowledge of Lee's Rapid Deconstruction by Vehumet.
 25924 | Lair:5   | Reached skill level 12 in Spellcasting
 26655 | Lair:6   | Entered Level 6 of the Lair of Beasts
 28041 | Lair:6   | Reached XP level 14. HP: 86/86 MP: 24/32
 28394 | Lair:6   | Got a steaming robe
 28405 | Lair:6   | Identified the +0 robe of Zyolilid {-Cast rF+ rN+ Str+8} (You found it on level 6 of the Lair of Beasts)
 29002 | Lair:6   | Paralysed by a hornet for 1 turns
 29863 | Lair:6   | Offered knowledge of Lightning Bolt by Vehumet.
 30984 | D:12     | Reached skill level 10 in Fighting
 31182 | D:12     | Found Hadafaeh's Assorted Antiques.
 31193 | D:12     | Reached skill level 10 in Poison Magic
 31316 | D:12     | Learned a level 1 spell: Animate Skeleton
 31491 | D:12     | Reached skill level 1 in Necromancy
 31645 | D:12     | Found a staircase to the Orcish Mines.
 32223 | Orc:1    | Entered Level 1 of the Orcish Mines
 32426 | Orc:1    | Noticed torrenera's ghost (journeyman GnEn)
 32477 | D:12     | Reached skill level 5 in Necromancy
 32664 | D:12     | Learned a level 4 spell: Animate Dead
 33009 | Orc:1    | Found Oliprapn's Armour Shop.
 33066 | Orc:1    | Found Judomp's Armour Boutique.
 33227 | Orc:1    | Noticed Urug
 33233 | Orc:1    | Killed Urug
 33246 | Orc:1    | Found Ipawabecs's Incredible Inventory.
 33603 | Orc:1    | Noticed Snorg
 33614 | Orc:1    | Killed Snorg
 34459 | D:13     | Offered knowledge of Bolt of Draining by Vehumet.
 34659 | D:13     | Found a gate to the Vaults.
 34843 | Orc:1    | Bought a +0 leather armour of poison resistance for 84 gold pieces
 35049 | Swamp:1  | Entered Level 1 of the Swamp
 35181 | Swamp:1  | Reached XP level 15. HP: 93/93 MP: 20/33
 35200 | Swamp:1  | Noticed Donald
 35348 | Swamp:1  | Killed Donald
 36183 | Swamp:2  | Identified the +6 dagger of Collusion {protect, *Slow +Blink rF+ Str+3} (You found it on level 2 of the Swamp)
 36801 | Spider:1 | Entered Level 1 of the Spider Nest
 36922 | Spider:1 | Reached skill level 13 in Spellcasting
 37083 | Spider:1 | Noticed a ghost moth
 37783 | D:14     | Noticed Agnes
 38182 | D:11     | Learned a level 5 spell: Bolt of Draining
 38203 | Lair:1   | Killed a ghost moth
 38781 | Spider:1 | Offered knowledge of Spellforged Servitor by Vehumet.
 39600 | Spider:2 | Noticed Jorgrun
 40396 | Spider:2 | Reached skill level 14 in Spellcasting
 40592 | Spider:1 | Killed Jorgrun
 40969 | Spider:2 | Noticed Frances
 40978 | Spider:2 | Killed Frances
 41322 | D:12     | Bought a paperback book for 405 gold pieces
 42950 | Swamp:2  | Reached skill level 15 in Spellcasting
 43411 | Swamp:3  | Noticed Nikola
 43415 | Swamp:3  | Killed from afar by Nikola

Skill      XL: |  1  2  3  4  5  6  7  8  9 10 11 12 13 14 15 |
---------------+----------------------------------------------+-----
Dodging        | 3 4 8 10 | 10.0
Conjurations   | 2 3 4 5 6 8 10 11 13 14 | 14.0
Spellcasting   | 4 5 6 9 11 12 15 | 15.0
Fire Magic     | 4 5 6 8 9 11 12 | 12.0
Shields        | 1 4 |  4.0
Fighting       | 3 7 9 10 11 | 11.4
Poison Magic   | 7 8 10 | 10.0
Necromancy     | 7 9 |  9.8
Stealth        | |  2.4

Action                   |  1- 3 |  4- 6 |  7- 9 | 10-12 | 13-15 || total
-------------------------+-------+-------+-------+-------+-------++-------
Melee: Dagger            |       |       |    20 |    15 |    34 ||    69
       Staff             |       |       |       |       |    37 ||    37
       Trident           |       |       |       |       |    14 ||    14
 Cast: Flame Tongue      |    31 |    96 |   172 |       |       ||   299
       Throw Flame       |    14 |    80 |    89 |     1 |       ||   184
       Conjure Flame     |     2 |    12 |    37 |    49 |     2 ||   102
       Sticky Flame      |       |     7 |    14 |    79 |   115 ||   215
       Shock             |       |       |   127 |   402 |    94 ||   623
       Fireball          |       |       |       |    48 |    26 ||    74
       Bolt of Fire      |       |       |       |    18 |   152 ||   170
       Poisonous Vapours |       |       |       |   137 |   419 ||   556
       Ignite Poison     |       |       |       |    19 |   102 ||   121
       Olgreb's Toxic Ra |       |       |       |    14 |    98 ||   112
       Animate Dead      |       |       |       |       |    34 ||    34
       Animate Skeleton  |       |       |       |       |     1 ||     1
       Bolt of Draining  |       |       |       |       |    12 ||    12
Evoke: Wand              |       |       |       |       |    14 ||    14
  Use: Scroll            |     5 |     3 |    10 |     8 |    16 ||    42
       Potion            |     1 |       |       |       |     7 ||     8
 Stab: Distracted        |       |       |       |       |     1 ||     1
  Eat: Chunk             |     3 |    14 |    16 |    31 |    40 ||   104
       Ration            |       |       |     2 |     4 |    15 ||    21
Armor: Robe              |     3 |     1 |       |    16 |    55 ||    75
       Leather armour    |       |       |     4 |       |    47 ||    51
       Swamp dragon scal |       |       |       |       |    20 ||    20
Dodge: Dodged            |     6 |    17 |    46 |   111 |   456 ||   636
Block: Other             |       |     3 |     4 |       |       ||     7
       Buckler           |       |       |     6 |    77 |   245 ||   328
